 Dungeon Crawl Stone Soup version 0.29.1-4-g47bece8355 (webtiles) character file.

Game seed: 9243091144832527090

67440 croobank the Destroyer (level 14, -1/111 HPs)
             Began as a Demonspawn Conjurer on Dec 9, 2022.
             Was an Initiate of Gozag.
             Slain by a boulder beetle (41 damage)
             ... on level 2 of the Lair of Beasts.
             The game lasted 03:07:38 (44178 turns).

croobank the Destroyer (Demonspawn Conjurer)       Turns: 44178, Time: 03:07:39

Health: -1/111     AC: 18    Str: 14 (16) XL:     14   Next: 82%
Magic:  0/28       EV: 15    Int: 21 (23) God:    Gozag
Gold:   2184       SH: 10    Dex: 12 (14) Spells: 10/33 levels left

rFire   . . .      SeeInvis +   J - +5 scimitar
rCold   + + .      Faith    .   C - +2 buckler {rN+}
rNeg    + + +      Spirit   .   I - +3 steam dragon scales
rPois   +          Reflect  +   U - +0 helmet
rElec   .          Harm     .   (no cloak)
rCorr   .          Rampage  .   R - +2 pair of gloves
Will    ++...                   y - +1 pair of boots
Stlth   ++++++....              T - amulet "Jidwove" {Reflect rN+ Slay+2 SH+5 Stlth+}
HPRegen 0.28/turn               H - ring "Etattuh" {rC+ Str+6 SInv}
MPRegen 0.21/turn               Z - ring of Darkness {rPois rN+ Will+ Str+3}

@: on berserk cooldown, studying Hexes
A: icy blue scales 3, ignite blood 1, powered by death 2
a: Renounce Religion, Potion Petition, Call Merchant, Bribe Branch


You were on level 2 of the Lair of Beasts.
You worshipped Gozag.
Gozag was most pleased with you.
You visited 6 branches of the dungeon, and saw 24 of its levels.

You collected 7306 gold pieces.
You spent 2464 gold pieces at shops.
You paid 2658 gold pieces to Gozag.

Inventory:

Hand Weapons
 i - a +3 dagger of protection
 l - a +4 hand axe
 z - a +0 long sword of electrocution
 D - a +3 broad axe of freezing
 J - a +5 scimitar (weapon)
 L - a +2 glaive of venom
 Q - a +2 vorpal quarterstaff
Missiles
 E - 19 javelins
 S - 3 curare-tipped darts (quivered)
 V - 3 silver boomerangs
Armour
 d - the +1 robe of the Morning Star {+Blink rF- Int+6 Archmagi}
   (You found it on level 7 of the Dungeon)

   Int:       It affects your intelligence (+6).
   rF:        It makes you vulnerable to fire.
   +Blink:    It lets you blink.
   Archmagi:  It increases the power of your magical spells.
 y - a +1 pair of boots (worn)
 C - a +2 buckler of positive energy (worn)
 I - +3 steam dragon scales (worn)
 R - a +2 pair of gloves (worn)
 U - a +0 helmet (worn)
Magical Staves
 h - a staff of air
Jewellery
 p - a ring of protection from cold
 r - a ring of protection from fire
 s - an amulet of magic regeneration
 u - a ring of wizardry
 F - a +4 ring of slaying
 H - the ring "Etattuh" (left hand) {rC+ Str+6 SInv}
   (You bought it in a shop on level 1 of the Lair of Beasts)

   [ring of strength]

   Str:       It affects your strength (+6).
   rC:        It protects you from cold.
   SInv:      It lets you see invisible.
 M - a ring of positive energy
 N - a +4 ring of evasion
 T - the amulet "Jidwove" (around neck) {Reflect rN+ Slay+2 SH+5 Stlth+}
   (You found it on level 5 of the Lair of Beasts)

   [amulet of reflection]

   It reflects blocked missile attacks.
   Slay:      It affects your accuracy & damage with ranged weapons and melee
   (+2).
   rN:        It protects you from negative energy.
   SH:        It affects your SH (+5).
   Stlth:     It makes you more stealthy.
 W - a ring of fire
 Z - the ring of Darkness (right hand) {rPois rN+ Will+ Str+3}
   (You bought it in a shop on level 1 of the Lair of Beasts)

   [ring of positive energy]

   Str:       It affects your strength (+3).
   rPois:     It protects you from poison.
   rN:        It protects you from negative energy.
   Will:      It increases your willpower.
Wands
 c - a wand of digging (7)
 v - a wand of paralysis (15)
 A - a wand of iceblast (1)
 B - a wand of flame (28)
Scrolls
 a - a scroll of teleportation
 j - 5 scrolls of fog
 o - 2 scrolls of poison
 w - a scroll of vulnerability
 Y - 9 scrolls of identify
Potions
 e - 11 potions of curing
 f - 6 potions of mutation
 g - a potion of berserk rage
 m - 3 potions of brilliance
 n - a potion of ambrosia
 q - 6 potions of attraction
 x - 3 potions of magic
 G - 7 potions of flight
 O - a potion of haste
 X - 4 potions of lignification
Miscellaneous
 b - a lightning rod (inert)
 k - a tin of tremorstones (inert)


   Skills:
 - Level 10.9 Fighting
 - Level 10.3 Dodging
 - Level 11.2 Stealth
 - Level 0.9 Shields
 - Level 10.4 Spellcasting
 - Level 11.8 Conjurations
 - Level 9.5 Hexes
 + Level 1.2 Necromancy
 - Level 6.0 Translocations
 + Level 5.5 Transmutations


You had 10 spell levels left.
You knew the following spells:

 Your Spells              Type           Power      Damage    Failure   Level
a - Magic Dart            Conj           100%       1d8       1%          1
b - Searing Ray           Conj           100%       2d8       1%          2
c - Dazzling Flash        Conj/Hex       100%       N/A       1%          3
d - Iskenderun's Mystic   Conj/Tloc      48%        2d11      2%          4
e - Passage of Golubria   Tloc           36%        N/A       7%          4
f - Yara's Violent Unrav  Hex/Tmut       21%        3d10      11%         5
g - Dispel Undead         Necr           16%        3d10      45%         4

Your spell library contained the following spells:

 Spells                   Type           Power      Damage    Failure   Level
 Apportation              Tloc           72%        N/A       1%          1
 Tukima's Dance           Hex            50%        N/A       1%          3
 Fulminant Prism          Conj/Hex       27%        3d14      1%          4
 Conjure Flame            Conj/Fire      35%        6-21      2%          3
 Necrotise                Necr           64%        1d7       4%          1
 Sticky Flame             Conj/Fire      35%        2d5       8%          4
 Summon Small Mammal      Summ           40%        N/A       9%          1
 Ignite Poison            Fire/Tmut/Pois 18%        N/A       12%         3
 Vampiric Draining        Necr           16%        2d7       16%         3
 Agony                    Necr           16%        N/A       80%         5
 Lee's Rapid Deconstruct  Erth           5%         3d7*      93%         5
 Death Channel            Necr           8%         N/A       100%        6
 Death's Door             Necr           8%         N/A       100%        9


Dungeon Overview and Level Annotations

Branches:
Dungeon (14/15)            Temple (1/1) D:4            Lair (5/5) D:11
 Shoals (0/4) Lair:2       Spider (1/4) Lair:2        Slime (0/5) Lair:5
    Orc (2/2) D:11            Elf (1/3) Orc:2        Vaults (0/5) D:14

Altars:
Ashenzari
Cheibriados
Dithmenos
Fedhas
Gozag
Hepliaklqana
Kikubaaqudgha
Makhleb
Nemelex Xobeh
Qazlal
Ru
Sif Muna
Trog
Uskayaw
Vehumet
Wu Jian
Xom
Yredelemnul
Jiyva

Shops:
D:3 :   Orc:1 [   Orc:2 (:[*   Lair:1 =   Lair:2 =

Annotations:
D:7 2 runed translucent doors, math4jedi's ghost, novice MiBe
Temple 2 transporters
Lair:5 exclusion: 2 oklob plants
Orc:2 2 transporters, lmSkywalker's ghost, journeyman FoFi


Innate Abilities, Weirdness & Mutations

You are completely covered in icy blue scales. (AC +4, rC+)
Your demonic aura sometimes causes spilled blood to erupt in flames.
You regenerate health from kills.


Message History

Press ? for a list of commands and other information.
Okay, then.
Unknown command.
Okay, then.
Okay, then.
Blink to where?
Press: ? - help, Dir - move target
As you read the scroll of blinking, it crumbles to dust. [a] - 378 gold - resistance and invisibility [b] - 440 gold - haste and resistance [c] - 200 gold - heal wounds and berserk rage Purchase which effect?
You feel much better.
A red film seems to cover your vision as you go berserk!
You feel yourself moving faster!
You feel mighty!
The boulder beetle curls into a ball and begins rolling!
You feel a strong urge to attack something.
You feel your anger nearly subside.
You are no longer berserk.
You are exhausted.
You feel yourself slow down.
Okay, then.
Your magical effects are unravelling.
You feel magically purged.
You feel yourself speed up.
Throw: 4 darts (curare)
Press: ? - help, Q - select action, (/) - cycle Shift-Dir - straight line, f - boulder beetle
Aim: a boulder beetle (heavily wounded, rolling, 91% to hit)
You throw a curare-tipped dart.
The curare-tipped dart hits the boulder beetle.
The boulder beetle is poisoned.
The boulder beetle convulses.
The boulder beetle seems to slow down.
The boulder beetle is severely wounded.
Cast which spell? (? or * to list)
Okay, then.
Cast which spell? (? or * to list)
Casting: Dazzling Flash (safe; 1% risk of failure)
Press: ? - help, Dir - look around, f - activate The boulder beetle hits you!!!
You die...
Your body crumbles into a pile of gold.

# ### ### ### ###
#####.###.########.###P.
#.......................
#....##..#P.............
#..####.##.....#.PP##.#.
#...###........#######.#
#...##..........#......#
##..#^##@..^............#
#..##^^.B....^..#.......#
##.#^^..○...............#
#.#^^..°##^....#.##.####
##.....^^^##^...#..#####.
#.....#^>^^###...........
##...#^^^^^^###..........
#..##^^..^###...........
#..##^..○...............


You could see a boulder beetle (rolling, very poisoned, slow).

Vanquished Creatures
  Saint Roka (Orc:2)
  A ghost moth (Lair:2)
  Nessos (Lair:4)
  Snorg (D:12)
  4 hydras
  2 boulder beetles
  Erolcha (Orc:2)
  A centaur warrior (D:13)
  2 two-headed ogres
  4 orc high priests
  Urug (Orc:2)
  Sonja (D:10)
  Nergalle (D:12)
  A lindwurm (Lair:5)
  2 orc knights
  3 deep elf pyromancers
  3 wolf spiders (Lair:5)
  4 orc sorcerers
  2 manticores
  2 ugly things
  5 black mambas
  11 elephants
  A guardian serpent (Lair:5)
  15 cane toads
  2 gargoyles
  A torpor snail (Lair:2)
  An unseen horror (D:6)
  Maggie (D:7)
  A rime drake (Lair:3)
  11 komodo dragons
  A demonic crawler (Lair:2)
  3 meliai (D:14)
  10 polar bears (Lair:5)
  5 trolls
  2 tarantellas (Lair:2)
  2 hornets (Lair:5)
  10 slime creatures
  2 raiju (Lair:5)
  7 blink frogs
  An air elemental (Elf:1)
  A vampire (D:7)
  A culicivora (Lair:2)
  3 shadows
  20 yaks
  9 redbacks
  15 wyverns
  4 basilisks
  A steam dragon (D:8)
  8 wargs
  An acid dragon (D:9)
  16 water moccasins
  13 hell hounds (Lair:5)
  17 black bears
  5 ice beasts
  27 orc warriors
  5 ogres
  A swamp drake (D:10)
  2 sky beasts
  22 wolves
  A phantom (D:5)
  15 centaurs
  9 bullfrogs
  A necrophage (D:8)
  Blork the orc (Orc:2)
  3 scorpions
  A gnoll sergeant (D:11)
  13 wights
  12 killer bees
  2 electric eels (Lair:3)
  A howler monkey (D:11)
  A crimson imp (D:8)
  11 orc priests
  4 hounds
  3 iguanas
  24 orc wizards
  7 adders
  7 gnolls
  A shadow imp (D:6)
  4 white imps
  An ufetubus (D:6)
  2 worms
  4 dart slugs
  64 orcs
  4 bats
  8 endoplasms
  3 giant cockroaches
  6 goblins
  3 hobgoblins
  4 jackals (D:4)
  7 quokkas
  4 ball pythons
  2 frilled lizards (D:1)
  5 kobolds
  5 rats
544 creatures vanquished.

Vanquished Creatures (others)
  A hydra (Lair:4)
  An ogre (Orc:2)
  2 orc wizards (Orc:2)
  An orc (Orc:1)
  39 fungi
  86 plants
130 creatures vanquished.

Grand Total: 674 creatures vanquished

Notes
Turn   | Place    | Note
-------+----------+-------------------------------------------
     0 | D:1      | croobank the Demonspawn Conjurer began the quest for the
                  | Orb.
     0 | D:1      | Reached XP level 1. HP: 13/13 MP: 3/3
   230 | D:1      | Gained mutation: You regenerate a little health from kills.
                  | [demonic ancestry]
   230 | D:1      | Reached XP level 2. HP: 16/19 MP: 0/5
   524 | D:1      | Learned a level 2 spell: Searing Ray
   753 | D:1      | Found a faded altar of an unknown god.
  1209 | D:2      | Gained mutation: Your demonic aura sometimes causes spilled
                  | blood to erupt in flames. [demonic ancestry]
  1209 | D:2      | Reached XP level 3. HP: 25/25 MP: 0/6
  1266 | D:2      | Learned a level 3 spell: Dazzling Flash
  1695 | D:2      | Found a shadowy altar of Dithmenos.
  2471 | D:2      | Reached skill level 1 in Fighting
  2557 | D:3      | Found Fiesofa's Vocational Training.
  2613 | D:3      | Reached XP level 4. HP: 32/32 MP: 4/7
  2873 | D:3      | Reached skill level 1 in Hexes
  3209 | D:3      | Gained mutation: You are partially covered in icy blue
                  | scales. (AC +2) [demonic ancestry]
  3209 | D:3      | Reached XP level 5. HP: 37/37 MP: 3/9
  3894 | D:4      | Learned a level 4 spell: Iskenderun's Mystic Blast
  4225 | D:4      | Gained mutation: You are mostly covered in icy blue scales.
                  | (AC +3) [demonic ancestry]
  4225 | D:4      | Reached XP level 6. HP: 40/44 MP: 2/10
  4329 | D:4      | Found a staircase to the Ecumenical Temple.
  4430 | D:4      | Reached skill level 1 in Translocations
  4483 | D:4      | Reached skill level 5 in Conjurations
  4630 | D:4      | Gained mutation: You are completely covered in icy blue
                  | scales. (AC +4, rC+) [demonic ancestry]
  4630 | D:4      | Reached XP level 7. HP: 48/51 MP: 8/12
  4775 | D:4      | Found a broken altar of Ashenzari.
  4860 | Temple   | Entered the Ecumenical Temple
  4860 | Temple   | Found a transporter.
  4860 | Temple   | Found a transporter.
  4862 | Temple   | Found a transporter.
  4862 | Temple   | Found a transporter.
  4881 | Temple   | Became a worshipper of Gozag Ym Sagoz the Greedy
  5071 | D:5      | Entered Level 5 of the Dungeon
  6121 | D:6      | Gained mutation: You regenerate health from kills. [demonic
                  | ancestry]
  6121 | D:6      | Reached XP level 8. HP: 58/58 MP: 3/14
  6690 | D:6      | Reached skill level 5 in Hexes
  7059 | D:6      | Killed an unseen horror
  7414 | D:7      | Found a shimmering blue altar of Sif Muna.
  7422 | D:7      | Noticed a troll
  7429 | D:7      | Learned a level 4 spell: Passage of Golubria
  7436 | D:7      | Killed a troll
  7437 | D:7      | Reached skill level 5 in Stealth
  7437 | D:7      | Reached XP level 9. HP: 66/66 MP: 8/16
  7628 | D:7      | Noticed Maggie
  7631 | D:7      | Noticed a manticore
  7650 | D:7      | Killed a manticore
  7651 | D:7      | Reached skill level 5 in Spellcasting
  7652 | D:7      | Killed Maggie
  7653 | D:7      | Reached skill level 5 in Dodging
  7682 | D:7      | Reached skill level 5 in Fighting
  7771 | D:7      | Noticed a boulder beetle
  7988 | D:7      | Killed a boulder beetle
  8209 | D:7      | Found a sacrificial altar of Ru.
  8306 | D:7      | Found a large runed translucent door.
  8307 | D:7      | Found a large runed translucent door.
  8309 | D:7      | Noticed math4jedi's ghost (novice MiBe)
  8349 | D:7      | Found an ancient bone altar of Kikubaaqudgha.
  8349 | D:7      | Found a shadowy altar of Dithmenos.
  8364 | D:7      | Reached XP level 10. HP: 68/74 MP: 0/18
  8706 | D:7      | Identified the +1 robe of the Morning Star {+Blink rF-
                  | Int+6 Archmagi}
  8730 | D:7      | Found a shimmering altar of Xom.
  9304 | D:8      | Found a burning altar of Makhleb.
 10187 | D:8      | Reached skill level 5 in Translocations
 11011 | D:8      | Found a faded altar of an unknown god.
 11011 | D:8      | Found an ornate altar of the Wu Jian Council.
 11018 | D:8      | Found a faded altar of an unknown god.
 11022 | D:8      | Found a radiant altar of Vehumet.
 12587 | D:9      | Found a blossoming altar of Fedhas.
 12647 | D:10     | Entered Level 10 of the Dungeon
 12818 | D:10     | Noticed a white ugly thing
 12834 | D:10     | Killed a white ugly thing
 13092 | D:10     | Noticed Sonja
 13096 | D:10     | Killed Sonja
 13097 | D:10     | Reached XP level 11. HP: 73/83 MP: 21/21
 14789 | D:11     | Noticed a two-headed ogre
 14800 | D:11     | Killed a two-headed ogre
 14802 | D:11     | Found a staircase to the Orcish Mines.
 16155 | D:11     | Found a staircase to the Lair.
 16202 | D:12     | Noticed a brown ugly thing
 16215 | D:11     | Killed a brown ugly thing
 17577 | D:12     | Noticed a deep elf pyromancer
 17587 | D:12     | Killed a deep elf pyromancer
 17674 | D:12     | Noticed Snorg
 17677 | D:12     | Noticed a boulder beetle
 17679 | D:12     | Noticed Nergalle
 17682 | D:12     | Noticed a two-headed ogre
 17911 | Lair:1   | Entered Level 1 of the Lair of Beasts
 18439 | Lair:1   | Reached XP level 12. HP: 92/92 MP: 21/24
 18753 | Lair:1   | Noticed a seven-headed hydra
 18759 | Lair:1   | Killed a seven-headed hydra
 19113 | Lair:1   | Bought the ring of Darkness {rPois rN+ Will+ Str+3} for 646
                  | gold pieces
 20131 | Lair:2   | Noticed a five-headed hydra
 20139 | Lair:2   | Killed a five-headed hydra
 20456 | Lair:2   | Found a staircase to the Shoals.
 20579 | Lair:2   | Reached skill level 10 in Conjurations
 21023 | Lair:2   | Found a hole to the Spider Nest.
 24825 | Lair:4   | Noticed a seven-headed hydra
 24826 | Lair:4   | Noticed Nessos
 24841 | Lair:4   | Killed a seven-headed hydra
 25334 | Lair:4   | Killed Nessos
 25335 | Lair:4   | Reached XP level 13. HP: 26/101 MP: 11/26
 26511 | Lair:5   | Entered Level 5 of the Lair of Beasts
 26750 | Lair:5   | Reached skill level 10 in Stealth
 28048 | Lair:5   | Reached skill level 10 in Fighting
 29923 | Lair:5   | Reached skill level 10 in Spellcasting
 31644 | Lair:5   | Found a viscous altar of Jiyva.
 31645 | Lair:5   | Found a staircase to the Slime Pits.
 32020 | Lair:5   | Reached XP level 14. HP: 66/111 MP: 11/28
 32349 | Lair:5   | Reached skill level 10 in Dodging
 32559 | Lair:5   | Identified the amulet "Jidwove" {Reflect rN+ Slay+2 SH+5
                  | Stlth+}
 33755 | D:12     | Killed Nergalle
 34734 | Orc:1    | Entered Level 1 of the Orcish Mines
 35054 | Orc:1    | Found Rem Arhu's Antique Armour Emporium.
 35554 | Orc:1    | Bought a shiny buckler for 180 gold pieces
 36038 | Orc:2    | Entered Level 2 of the Orcish Mines
 36656 | Orc:2    | Noticed Erolcha
 36666 | Orc:2    | Killed Erolcha
 36859 | Orc:2    | Found a transporter.
 37282 | Orc:2    | Noticed Saint Roka
 37663 | D:12     | Killed Snorg
 37664 | D:12     | Reached skill level 1 in Transmutations
 38436 | D:13     | Learned a level 5 spell: Yara's Violent Unravelling
 38850 | D:14     | Found a gate to the Vaults.
 39175 | Orc:2    | Found a transporter.
 39176 | Orc:2    | Noticed lmSkywalker's ghost (journeyman FoFi)
 39613 | Orc:2    | Noticed Blork the orc
 39630 | Orc:2    | Killed Blork the orc
 40528 | Orc:2    | Killed Saint Roka
 41151 | Orc:2    | Noticed Urug
 41343 | Lair:1   | Bought the ring "Etattuh" {rC+ Str+6 SInv} for 813 gold
                  | pieces
 41778 | Orc:2    | Killed Urug
 41976 | Orc:2    | Found Dica's Book Emporium.
 42113 | Orc:2    | Found Kano's Antique Weapon Emporium.
 42131 | Orc:2    | Found Nenog's Antique Armour Emporium.
 42148 | Orc:2    | Found Zupang's General Store.
 42154 | Orc:2    | Bought a scroll of blinking for 105 gold pieces
 42166 | Orc:2    | Found a staircase to the Elven Halls.
 42441 | Elf:1    | Entered Level 1 of the Elven Halls
 42460 | Orc:2    | Reached skill level 5 in Transmutations
 42713 | Orc:2    | Bought the Octavo of the Mortuary and the Traveller for 720
                  | gold pieces
 42718 | Orc:2    | Learned a level 4 spell: Dispel Undead
 42941 | Spider:1 | Entered Level 1 of the Spider Nest
 43304 | Spider:1 | Noticed a ghost moth
 43553 | Lair:2   | Killed a ghost moth
 43554 | Lair:2   | Reached skill level 1 in Necromancy
 44178 | Lair:2   | Slain by a boulder beetle

Illustrated notes

Levels and vault maps discovered:
D:1:      lightli_arrival_windingriver, layout_rooms,
          shapermc_ecumenical_altar_pompeii, serial_curves, eino_curves_01,
          eino_curves_01
D:2:      layout_basic, basic_altar
D:3:      layout_basic, nicolae_shop_vocational
D:4:      layout_loops_ring, lemuel_coloured_pillars_altar,
          minmay_temple_entry_waves
D:5:      layout_gridville
D:6:      minmay_chambers_of_fours, layout_rooms
D:7:      minmay_blocky_corners, layout_cave_pods,
          mainiacjoe_overflow_cross_hatched,
          gammafunk_temple_overflow_forgotten, kennysheep_mini,
          ebering_ghost_disaster_area, st_stairs_6, uniq_maggie
D:8:      layout_basic, chequers_temple_overflow_minitemple,
          makhleb_grotto_becter, kennysheep_big_empty_room
D:9:      layout_stronghold, fedhas_altar_2, lightli_corner_chamber
D:10:     layout_roguey, uniq_sonja
D:11:     layout_basic, lair_entry_dummy, erik_orc_1
D:12:     layout_loops_corners, uniq_snorg, uniq_nergalle
D:13:     layout_basic, trog_three_pillars_becter
D:14:     layout_roguey, erik_vaults_1, cheibrodos_ashenzari_chains,
          minmay_hollow_rounded_squares
Temple:   hellmonk_temple_divided_pantheon
Lair:1:   layout_loops_ring, st_stairs_10
Lair:2:   layout_regular_city, elwin_shoals_entry_rocks, spider_nest_entry_webs,
          pond
Lair:3:   layout_roguey, gammafunk_lair_bear_cave, serial_bayou_shore_a
Lair:4:   layout_hall_layers, chequers_serial_rivers_room_b,
          beast_lair_carwin_7, uniq_nessos
Lair:5:   hangedman_lair_caniforms_friends, layout_layer_cave,
          hangedman_lair_tendril_chambers, minmay_slime_entry_oklob_enclosed
Spider:1: layout_cave_pods
Orc:1:    layout_caves, serial_shops, nicolae_shop_stone, bh_open_orc_temple
Orc:2:    grunt_orc_cross, layout_caves, gammafunk_ghost_smash, uniq_erolcha
Elf:1:    minmay_elf_arrival_circle, layout_gridlike, hangedman_elf_disciples,
          minmay_shoptagon

Skill      XL: |  1  2  3  4  5  6  7  8  9 10 11 12 13 14 |
---------------+-------------------------------------------+-----
Stealth        | 2 3 4 5 6 7 8 9 10 11 | 11.2
Dodging        | 2 3 4 5 6 7 9 10 | 10.3
Fighting       | 1 2 3 4 5 6 8 9 10 | 10.9
Hexes          | 1 2 3 4 5 6 9 |  9.5
Spellcasting   | 3 4 5 6 8 9 10 | 10.4
Translocations | 1 2 3 4 5 6 |  6.0
Conjurations   | 5 6 7 8 9 10 11 | 11.8
Transmutations | 5 |  5.5
Necromancy     | 1 |  1.2
Shields        | |  0.9

Action                   |  1- 3 |  4- 6 |  7- 9 | 10-12 | 13-15 || total
-------------------------+-------+-------+-------+-------+-------++-------
Melee: Dagger            |     2 |       |    29 |    73 |    35 ||   139
       Punch             |       |       |       |     1 |     2 ||     3
       Scimitar          |       |       |       |       |    80 ||    80
       Staff             |       |       |       |       |     1 ||     1
Throw: Dart              |       |       |       |     5 |     3 ||     8
 Cast: Magic Dart        |    52 |    26 |    30 |    74 |   185 ||   367
       Searing Ray       |    18 |    26 |    52 |   194 |   217 ||   507
       Iskenderun's Myst |       |       |    12 |   107 |   238 ||   357
       Dazzling Flash    |       |       |     4 |     4 |     6 ||    14
       Yara's Violent Un |       |       |       |       |     1 ||     1
Invok: Potion Petition   |       |       |     1 |     1 |     2 ||     4
       Call Merchant     |       |       |       |     1 |     1 ||     2
Evoke: Wand              |       |       |     2 |    28 |    13 ||    43
       Lightning rod     |       |       |       |       |     8 ||     8
       Tin of tremorston |       |       |       |       |     2 ||     2
  Use: Scroll            |     9 |     2 |     5 |    19 |     5 ||    40
       Potion            |       |     2 |     6 |     5 |    10 ||    23
 Stab: Paralysed         |       |       |     6 |     4 |       ||    10
       Invisible         |       |       |     1 |     2 |     1 ||     4
       Sleeping          |       |       |       |    11 |     4 ||    15
Armor: Robe              |     1 |     3 |    21 |       |       ||    25
       Skin              |       |       |    23 |       |       ||    23
       Steam dragon scal |       |       |       |   141 |   213 ||   354
Dodge: Dodged            |     5 |     8 |    53 |   349 |   390 ||   805
Block: Buckler           |       |       |       |       |   126 ||   126
       Other             |       |       |       |       |    20 ||    20
       Reflection        |       |       |       |       |    14 ||    14
